 Dungeon Crawl Stone Soup version 0.29.1-2-gbd0b4ee654 (webtiles) character file.

Game seed: 4279181601786105019

26916 raph the Arsonist (level 13, -4/72 HPs)
             Began as a Deep Elf Fire Elementalist on Nov 20, 2022.
             Was a High Priest of Sif Muna.
             Slain by a death yak (19 damage)
             ... on level 5 of the Lair of Beasts.
             The game lasted 00:33:18 (22007 turns).

raph the Arsonist (Deep Elf Fire Elementalist)     Turns: 22007, Time: 00:33:19

Health: -4/72      AC: 20    Str:  5    XL:     13   Next: 1%
Magic:  11/28      EV: 12    Int: 23    God:    Sif Muna [*****.]
Gold:   977        SH:  5    Dex: 21    Spells: 5/31 levels left

rFire   + . .      SeeInvis .   a - staff of fire {!a}
rCold   . . .      Faith    +   z - +0 buckler
rNeg    . . .      Spirit   .   c - +1 swamp dragon scales
rPois   +          Reflect  .   Z - +0 helmet
rElec   .          Harm     .   k - +2 cloak
rCorr   .          Rampage  .   X - +3 Mad Mage's Maulers {Infuse+∞ RegenMP Int-3, !a}
Will    ++...                   I - +2 pair of boots {Fly}
Stlth   ++........              u - amulet of faith
HPRegen 0.22/turn               P - ring of willpower
MPRegen 0.61/turn               N - +6 ring of dexterity

@: flying
A: no striking features
a: Renounce Religion, Channel Magic, Forget Spell, Divine Exegesis


You were on level 5 of the Lair of Beasts.
You worshipped Sif Muna.
Sif Muna was extremely pleased with you.
You visited 4 branches of the dungeon, and saw 17 of its levels.
You also visited: Ossuary and Bailey.

You collected 1541 gold pieces.
You spent 564 gold pieces at shops.

Inventory:

Hand Weapons
 l - a +3 vorpal quarterstaff
 r - a +0 quarterstaff
 M - a +0 longbow
Missiles
 f - a throwing net
 B - 6 silver boomerangs
Armour
 c - +1 swamp dragon scales (worn)
 k - a +2 cloak (worn)
 z - a +0 buckler (worn)
 I - a +2 pair of boots of flying (worn)
 X - the +3 Mad Mage's Maulers (worn) {Infuse+∞ RegenMP Int-3, !a}
   (You acquired it on level 4 of the Dungeon)

   It empowers its wearer's blows with all of their magic.
   It causes its wearer's magical reserves to regenerate more quickly.
   Int:       It affects your intelligence (-3).
 Z - a +0 helmet (worn)
Magical Staves
 a - a staff of fire (weapon) {!a}
Jewellery
 u - an amulet of faith (around neck)
 K - a ring of protection from cold
 N - a +6 ring of dexterity (right hand)
 P - a ring of willpower (left hand)
 V - a ring of see invisible
Wands
 b - a wand of mindburst (17)
 e - a wand of charming (20)
 j - a wand of iceblast (22)
 L - a wand of digging (10)
 O - a wand of polymorph (11)
 Q - a wand of flame (19)
Scrolls
 g - a scroll of silence
 p - a scroll of summoning
 t - a scroll of amnesia
 v - 3 scrolls of magic mapping
 y - 2 scrolls of immolation
 C - a scroll of fear
 D - a scroll of torment
 E - a scroll of fog
 F - a scroll of poison
 G - 7 scrolls of teleportation
 R - 2 scrolls of identify
 U - 2 scrolls of blinking
 Y - a scroll of enchant weapon
Potions
 d - 7 potions of brilliance
 h - 3 potions of haste
 i - a potion of invisibility
 m - 3 potions of berserk rage
 n - 2 potions of resistance
 o - 7 potions of mutation
 q - 9 potions of curing
 s - 2 potions of ambrosia
 w - 3 potions of might
 x - 3 potions of heal wounds
 A - 4 potions of cancellation
 H - 4 potions of flight
 W - a potion of lignification
Miscellaneous
 J - a phantom mirror


   Skills:
 + Level 5.3 Fighting
 - Level 2.7 Staves
 + Level 3.5 Armour
 + Level 8.0 Dodging
 - Level 2.4 Stealth
 + Level 1.5 Shields
 + Level 9.9 Spellcasting
 * Level 11.1 Conjurations
 - Level 5.1 Hexes
 + Level 11.7 Fire Magic
 - Level 3.2 Air Magic
 * Level 10.3 Invocations
 - Level 2.5 Evocations


You had 5 spell levels left.
You knew the following spells:

 Your Spells              Type           Power      Damage    Failure   Level
a - Foxfire               Conj/Fire      100%       2x1d9     1%          1
b - Scorch                Fire           100%       2d10      1%          2
c - Fireball              Conj/Fire      38%        3d16      9%          5
d - Inner Flame           Hex/Fire       66%        N/A       3%          3
e - Flame Wave            Conj/Fire      77%        2d17      3%          4
f - Magic Dart            Conj           100%       1d8       1%          1
g - Fulminant Prism       Conj/Hex       24%        3d13      12%         4
h - Swiftness             Air            26%        N/A       26%         3
i - Mephitic Cloud        Conj/Pois/Air  33%        N/A       14%         3

Your spell library contained the following spells:

 Spells                   Type           Power      Damage    Failure   Level
 Shock                    Conj/Air       100%       1d9       1%          1
 Searing Ray              Conj           100%       2d8       1%          2
 Conjure Flame            Conj/Fire      77%        6-21      1%          3
 Dazzling Flash           Conj/Hex       96%        N/A       3%          3
 Slow                     Hex            100%       N/A       4%          1
 Stone Arrow              Conj/Erth      74%        3d11      10%         3
 Iskenderun's Battlesphe  Conj           58%        2d11      10%         5
 Confusing Touch          Hex            35%        N/A       12%         3
 Poisonous Vapours        Pois/Air       36%        N/A       26%         2
 Sting                    Tmut/Pois      44%        1d5       32%         1
 Cause Fear               Hex            17%        N/A       36%         4
 Blink                    Tloc           22%        N/A       45%         2
 Call Imp                 Summ           11%        N/A       45%         2
 Airstrike                Air            13%        2d(2-18)  65%         4
 Lesser Beckoning         Tloc           11%        N/A       69%         3
 Vampiric Draining        Necr           11%        2d6       69%         3
 Animate Armour           Summ/Erth      22%        N/A       97%         4
 Olgreb's Toxic Radiance  Pois           11%        N/A       97%         4
 Metabolic Englaciation   Hex/Ice        11%        N/A       97%         5
 Manifold Assault         Tloc           11%        N/A       100%        5
 Starburst                Conj/Fire      38%        6d11      43%         6
 Conjure Ball Lightning   Conj/Air       22%        3x3d6     95%         6
 Orb of Destruction       Conj           29%        9d9       96%         7
 Iron Shot                Conj/Erth      18%        9d4       99%         6
 Discord                  Hex            17%        N/A       100%        8
 Lehudib's Crystal Spear  Conj/Erth      18%        10d6      100%        8
 Chain Lightning          Conj/Air       22%        3d29      100%        9


Dungeon Overview and Level Annotations

Branches:
Dungeon (10/15)            Temple (1/1) D:5            Lair (5/5) D:10
 Shoals (0/4) Lair:3        Snake (1/4) Lair:3      Ossuary (visited)
 Bailey (visited)
  Slime: Lair:4-5       Orc: D:9-12

Altars:
Ashenzari
Cheibriados
Dithmenos
Elyvilon
Gozag
Hepliaklqana
Makhleb
Nemelex Xobeh
Sif Muna
Trog
Uskayaw
Vehumet
Xom
Yredelemnul
Zin
The Shining One

Shops:
D:4 *   D:5 ?

Annotations:
D:4 Blork the orc


Message History

The death yak is almost dead.
The flame wave engulfs the death yak.
The death yak is almost dead.
The flame wave engulfs the death yak.
The death yak is heavily wounded.
The flame wave engulfs the death yak!
The death yak is moderately wounded.
You finish channelling waves of flame.
You hear an angry hiss.
The death yak gores you!
* * * LOW HITPOINT WARNING * * *
The death yak gores you.
* * * LOW HITPOINT WARNING * * *
The death yak gores you.
* * * LOW HITPOINT WARNING * * *
Casting: Flame Wave (dangerous; 3% risk of failure)
Confirm with . or Enter, or press ? or * to list all spells.
Casting: Flame Wave (dangerous; 3% risk of failure)
Press: ? - help, Dir - look around, f - activate You feel a surge of power!
A wave of flame ripples out!
The flame wave engulfs the death yak!
You kill the death yak!
Sif Muna accepts your kill.
The flame wave engulfs the death yak!!
You kill the death yak!
Sif Muna accepts your kill.
The flame wave engulfs the death yak!!
The death yak is severely wounded. (Press . to intensify the flame waves.)
You hear a bellow!
You block the death yak's attack.
You have reached level 13!
A wave of flame ripples out!
The flame wave engulfs the death yak!
The death yak is heavily wounded.
The flame wave engulfs the death yak!
The death yak is almost dead.
A yak comes into view.
The death yak gores you but does no damage.
The death yak gores you!!
You die...

P.# ###... #..# P#...
.P.###. .... ....... ..#
##....P.. . ##.# ##........
P..###.Y###########.........
#Y....#....Y#...##.#<...#...
#..........Y@............#
#..#....##..##.####.P†..##
#......######## ###P.##
#......# #..# ......... ..#
......... .## .#####... .#
##...


You could see 2 death yaks and a yak.

Vanquished Creatures
  A hydra (Lair:4)
  A catoblepas (Lair:4)
  Erolcha (D:9)
  3 death yaks (Lair:5)
  A two-headed ogre (D:10)
  Amaemon (Lair:1)
  Pikel (D:7)
  An orc knight (Bailey)
  2 wolf spiders (Lair:4)
  2 black mambas
  An orange demon (Lair:1)
  A guardian serpent (Lair:3)
  4 elephants (Lair:1)
  Maggie (D:5)
  2 cane toads
  2 komodo dragons
  3 rime drakes
  2 hornets
  2 trolls
  Prince Ribbit (Lair:3)
  12 blink frogs
  2 wyverns
  27 yaks
  A shadow (D:10)
  2 steam dragons
  3 vampire mosquitoes (D:10)
  10 water moccasins
  3 ice beasts
  4 black bears
  2 sky beasts
  9 orc warriors
  3 centaurs
  13 wolves
  4 ogres
  A lemure (D:7)
  A phantom (D:4)
  4 kobold brigands
  3 necrophages
  7 bullfrogs
  2 gnoll sergeants (D:9)
  2 scorpions
  10 wights
  10 killer bees
  6 howler monkeys
  A jelly (D:4)
  Crazy Yiuf (D:4)
  5 hounds
  3 orc priests
  Jessica (D:2)
  2 iguanas
  Terence (D:2)
  4 orc wizards
  8 mummies (Ossuary)
  8 gnolls
  7 adders
  2 shadow imps
  2 white imps
  An ufetubus (D:6)
  A worm (D:3)
  2 dart slugs
  20 orcs
  9 ball pythons
  7 endoplasms
  A giant cockroach (D:1)
  4 gnoll zombies (Ossuary)
  14 goblins
  6 hobgoblins
  3 jackals (D:3)
  26 kobolds
  2 quokkas (D:5)
  2 bats
  3 frilled lizards
  4 orc zombies (Ossuary)
  4 rats
328 creatures vanquished.

Vanquished Creatures (collateral kills)
  An orc (D:3)
1 creature vanquished.

Vanquished Creatures (others)
  772 foxfires
  18 fungi
  24 plants
814 creatures vanquished.

Grand Total: 1143 creatures vanquished

Notes
Turn   | Place    | Note
-------+----------+-------------------------------------------
     0 | D:1      | raph the Deep Elf Fire Elementalist began the quest for the
                  | Orb.
     0 | D:1      | Reached XP level 1. HP: 10/10 MP: 6/6
    76 | D:1      | Found a faded altar of an unknown god.
   222 | D:1      | Reached XP level 2. HP: 11/15 MP: 5/8
   940 | D:2      | Reached XP level 3. HP: 18/19 MP: 5/9
  1134 | D:2      | Noticed Terence
  1155 | D:2      | Killed Terence
  1156 | D:2      | Reached skill level 5 in Fire Magic
  1367 | D:2      | Learned a level 2 spell: Scorch
  1371 | D:2      | Learned a level 3 spell: Conjure Flame
  1524 | D:2      | Noticed Jessica
  1531 | D:2      | Killed Jessica
  1532 | D:2      | Reached XP level 4. HP: 24/24 MP: 3/10
  2764 | D:4      | Noticed a necrophage
  2768 | D:4      | Killed a necrophage
  2769 | D:4      | Reached XP level 5. HP: 28/28 MP: 2/11
  2843 | D:4      | Learned a level 3 spell: Inner Flame
  3252 | D:4      | Found a runed translucent door.
  3253 | D:4      | Noticed Crazy Yiuf
  3258 | D:4      | Killed Crazy Yiuf
  3259 | D:4      | Reached XP level 6. HP: 32/32 MP: 7/13
  3461 | D:4      | Noticed Blork the orc
  3471 | D:5      | Entered Level 5 of the Dungeon
  3631 | D:5      | Found a staircase to the Ecumenical Temple.
  3645 | Temple   | Entered the Ecumenical Temple
  3758 | Temple   | Became a worshipper of Sif Muna the Loreminder
  4054 | D:5      | Found a sand-covered staircase.
  4059 | Ossuary  | Entered an ossuary
  4066 | Ossuary  | Learned a level 4 spell: Flame Wave
  4098 | Ossuary  | Reached XP level 7. HP: 32/36 MP: 5/15
  4163 | Ossuary  | Reached * piety under Sif Muna
  4470 | D:5      | Learned a level 1 spell: Magic Dart
  4649 | D:5      | Found Gakecu's Magic Scroll Emporium.
  4652 | D:5      | Bought a scroll of identify for 26 gold pieces
  4652 | D:5      | Bought a scroll of identify for 26 gold pieces
  4652 | D:5      | Bought a scroll of identify for 26 gold pieces
  4652 | D:5      | Bought a scroll of enchant armour for 97 gold pieces
  4652 | D:5      | Bought a scroll of enchant armour for 97 gold pieces
  4652 | D:5      | Bought a scroll of fear for 52 gold pieces
  4830 | D:4      | Noticed a steam dragon
  4861 | D:4      | Reached skill level 1 in Invocations
  5159 | D:4      | Killed a steam dragon
  5493 | D:4      | Reached skill level 5 in Spellcasting
  5618 | D:4      | Found Haottunycosu's Assorted Antiques.
  5665 | D:4      | Reached XP level 8. HP: 39/41 MP: 12/17
  5946 | D:6      | Reached skill level 5 in Conjurations
  6134 | D:6      | Noticed Maggie
  6728 | D:5      | Killed Maggie
  6729 | D:5      | Reached skill level 1 in Fighting
  7029 | D:6      | Reached ** piety under Sif Muna
  7040 | D:6      | Reached XP level 9. HP: 34/48 MP: 13/20
  8045 | D:7      | Reached skill level 5 in Invocations
  8303 | D:7      | Found a flagged portal.
  8459 | Bailey   | Entered a bailey
  8466 | Bailey   | Noticed an orc knight
  8492 | Bailey   | Reached *** piety under Sif Muna
  8734 | Bailey   | Killed an orc knight
  8735 | Bailey   | Reached skill level 10 in Fire Magic
  9131 | Bailey   | Learned a level 4 spell: Fulminant Prism
  9224 | Bailey   | Reached skill level 5 in Dodging
  9374 | Bailey   | Reached XP level 10. HP: 55/55 MP: 8/22
 10226 | D:7      | Noticed Pikel
 10233 | D:7      | Reached skill level 1 in Hexes
 10239 | D:7      | Killed Pikel
 11683 | D:8      | Learned a level 3 spell: Swiftness
 12431 | D:4      | Bought a sapphire ring for 135 gold pieces
 12754 | D:9      | Reached **** piety under Sif Muna
 13007 | D:9      | Identified a scroll of acquirement
 13007 | D:9      | Acquired a staff of fire
 13031 | D:9      | Reached skill level 1 in Air Magic
 13211 | D:9      | Found a basalt altar of Yredelemnul.
 13649 | D:9      | Noticed Erolcha
 13705 | D:9      | Killed Erolcha
 13854 | D:9      | Found a shadowy altar of Dithmenos.
 14178 | D:10     | Entered Level 10 of the Dungeon
 14206 | D:10     | Reached XP level 11. HP: 59/60 MP: 12/25
 14385 | D:10     | Reached skill level 1 in Armour
 14694 | D:10     | Found a staircase to the Lair.
 15085 | D:10     | Learned a level 3 spell: Mephitic Cloud
 15462 | D:10     | Noticed a two-headed ogre
 15467 | D:10     | Killed a two-headed ogre
 15663 | D:10     | Reached skill level 1 in Staves
 15663 | D:10     | Reached skill level 1 in Evocations
 16132 | Lair:1   | Entered Level 1 of the Lair of Beasts
 16283 | Lair:1   | Reached ***** piety under Sif Muna
 16284 | Lair:1   | Reached skill level 5 in Hexes
 16626 | Lair:1   | Noticed Amaemon
 16646 | Lair:1   | Killed Amaemon
 16647 | Lair:1   | Reached XP level 12. HP: 66/67 MP: 11/26
 17153 | D:4      | Bought an emerald potion for 24 gold pieces
 17153 | D:4      | Bought a scroll of teleportation for 81 gold pieces
 17155 | D:4      | Acquired the +3 Mad Mage's Maulers {Infuse+∞ RegenMP Int-3}
 17155 | D:4      | Found the +3 Mad Mage's Maulers {Infuse+∞ RegenMP Int-3}
 17169 | D:4      | Acquired a book of the Spheres
 17178 | D:4      | Learned a level 5 spell: Fireball
 17178 | D:4      | Acquired the Quarto of the Damaging Oath
 18250 | Lair:2   | Reached skill level 10 in Conjurations
 18457 | Lair:2   | Received a gift from Sif Muna
 18756 | Lair:2   | Identified the +2 spear "Wowkaes" {flame, Drain rPois
                  | Dex+4}
 18760 | Lair:2   | Identified the +2 robe of a treasure trove {*Corrode Fly
                  | rN+++ Str-2}
 19286 | Lair:3   | Noticed Prince Ribbit
 19294 | Lair:3   | Killed Prince Ribbit
 19396 | Lair:3   | Found a staircase to the Shoals.
 19571 | Lair:3   | Found a staircase to the Snake Pit.
 20334 | Snake:1  | Entered Level 1 of the Snake Pit
 20364 | Lair:4   | Reached skill level 5 in Fighting
 20627 | Lair:4   | Noticed a six-headed hydra
 20633 | Lair:4   | Killed a six-headed hydra
 20740 | Lair:4   | Reached skill level 1 in Shields
 20740 | Lair:4   | Reached skill level 10 in Invocations
 21396 | Lair:4   | Noticed a catoblepas
 21421 | Lair:4   | Killed a catoblepas
 21903 | Lair:5   | Entered Level 5 of the Lair of Beasts
 21988 | Lair:5   | Noticed a death yak
 21989 | Lair:5   | Noticed a death yak
 21990 | Lair:5   | Noticed a death yak
 21990 | Lair:5   | Noticed a death yak
 21991 | Lair:5   | Noticed a death yak
 22002 | Lair:5   | Killed a death yak
 22006 | Lair:5   | Killed a death yak
 22006 | Lair:5   | Killed a death yak
 22007 | Lair:5   | Reached XP level 13. HP: 15/72 MP: 11/28
 22007 | Lair:5   | Slain by a death yak

Illustrated notes

Levels and vault maps discovered:
D:1:      lightli_arrival_isolated_outpost, layout_basic,
          basic_ecumenical_altar, amcnicky_mini_pool_small, hangedman_decor_push
D:2:      layout_basic, minmay_pentomino_o2, uniq_jessica, uniq_terence
D:3:      layout_loops_ring
D:4:      minmay_clustersquares, layout_basic, serial_shops, shop,
          chequers_serial_rivers_room_a, uniq_crazy_yiuf_cottage,
          uniq_blork_the_orc
D:5:      layout_cave_pools, minmay_temple_entry_statues_fountains,
          serial_shops, kennysheep_mini, nicolae_ossuary_entry_plus,
          minmay_misc_feat_alley
D:6:      layout_cave_pools, columned_hall_lemuel, kennysheep_generic_room_14,
          uniq_maggie
D:7:      layout_basic, enter_bailey_4, uniq_pikel
D:8:      layout_basic
D:9:      layout_long_grid, mainiacjoe_overflow_24_doors, lemuel_crystal_altar,
          minmay_quadrilaterals, uniq_erolcha
D:10:     layout_loops_corners, dpeg_oklobed_lair
Temple:   nicolae_temple_slightly_damp_pantheon
Lair:1:   layout_cave_pods, infiniplex_staircase_pool_2, uniq_amaemon
Lair:2:   layout_cave_pods, chequers_serial_rivers_large_b, minivault_26,
          chequers_serial_rivers_micro_d, serial_bayou_pond_d,
          minmay_hedge_maze, grunt_megastairs_2
Lair:3:   layout_cave_pods, elwin_shoals_entry_rocks,
          minmay_snake_entry_spellcaster, uniq_prince_ribbit2
Lair:4:   layout_loops_ring, nicolae_quartered_pool_medium,
          nicolae_lair_run_with_the_wolves
Lair:5:   minmay_lair_end_enchanted_forest, layout_loops_ring,
          minmay_slime_entry_oklob_enclosed, serial_bayou_shore_a
Snake:1:  layout_onion_interference, portal_ice_cave_entry_ice_simulacra,
          serial_shops, bzr_in_the_mist, grunt_megastairs_4, uniq_aizul,
          uniq_mlioglotl

Skill      XL: |  1  2  3  4  5  6  7  8  9 10 11 12 |
---------------+-------------------------------------+-----
Fire Magic     | 4 5 6 7 8 9 10 11 | 11.7
Conjurations   | 2 3 4 6 7 8 9 11 | 11.1
Spellcasting   | 4 5 6 7 8 9 |  9.9
Invocations    | 2 4 6 7 8 10 | 10.3
Dodging        | 3 5 6 8 |  8.0
Fighting       | 1 2 3 4 5 |  5.3
Hexes          | 3 5 |  5.1
Air Magic      | 1 3 |  3.2
Armour         | 2 3 |  3.5
Staves         | 2 |  2.7
Evocations     | 2 |  2.5
Shields        | 1 |  1.5
Stealth        | |  2.4

Action                   |  1- 3 |  4- 6 |  7- 9 | 10-12 | 13-15 || total
-------------------------+-------+-------+-------+-------+-------++-------
Melee: Short sword       |     4 |     5 |       |       |       ||     9
       Quarterstaff      |       |    11 |    13 |     2 |       ||    26
       Staff             |       |       |       |    18 |       ||    18
 Cast: Foxfire           |    64 |    73 |   208 |   107 |       ||   452
       Scorch            |     1 |    16 |    46 |   146 |       ||   209
       Flame Wave        |       |     1 |     5 |    56 |       ||    62
       Conjure Flame     |       |       |     1 |       |       ||     1
       Fireball          |       |       |       |     6 |       ||     6
Invok: Channel Magic     |       |       |     1 |     3 |       ||     4
Evoke: Wand              |       |       |     1 |       |       ||     1
  Use: Scroll            |       |    16 |    13 |    13 |       ||    42
       Potion            |       |     1 |       |       |       ||     1
 Stab: Sleeping          |       |       |     1 |       |       ||     1
Armor: Robe              |     3 |     5 |     8 |       |       ||    16
       Swamp dragon scal |       |       |    24 |   103 |     1 ||   128
Dodge: Dodged            |     7 |    17 |    31 |   117 |       ||   172
Block: Buckler           |       |       |       |    12 |       ||    12
